 Dungeon Crawl Stone Soup version 0.30.1-3-gfc49f6343a (webtiles) character file.

Game seed: 3327557964372534563

458 jtron the Chiller (level 7, 0/56 HPs)
             Began as a Gnoll Wanderer on Aug 7, 2023.
             Succumbed to a water moccasin's poison
             ... on level 5 of the Dungeon.
             The game lasted 00:12:01 (4609 turns).

jtron the Chiller (Gnoll Wanderer)                  Turns: 4609, Time: 00:12:02

Health: 0/56       AC:  3    Str: 14    XL:     7   Next: 6%
Magic:  9/15       EV: 12    Int: 11    God:
Gold:   186        SH:  0    Dex: 11    Spells: 14/17 levels left

rFire   . . .        a - +3 hand axe
rCold   . . .        (no shield)
rNeg    . . .        c - +0 leather armour
rPois   .            (no helmet)
rElec   .            (no cloak)
rCorr   .            (no gloves)
SInv    .            (no boots)
Will    .....        (no amulet)
Stlth   ++           (no ring)
HPRegen 0.29/turn    (no ring)
MPRegen 0.14/turn

%: no passive effects
@: lethally poisoned (0 -> -15)
A: fangs 1, strong nose, distributed training
a: no special abilities


You were on level 5 of the Dungeon.
You visited 1 branch of the dungeon, and saw 5 of its levels.

You collected 186 gold pieces.

Inventory:

Hand Weapons
 a - a +3 hand axe (weapon)
Missiles
 e - a boomerang
 i - 38 stones (quivered)
Armour
 c - a +0 leather armour (worn)
Wands
 r - a wand of charming (4)
Scrolls
 d - a scroll of fear {unknown}
 k - a scroll of blinking {unknown}
 l - a scroll of teleportation {unknown}
 n - a scroll of fog {unknown}
 o - a scroll of acquirement {unknown}
 p - a scroll of amnesia {unknown}
Potions
 b - a potion of might
 f - 3 potions of curing {unknown}
 g - 2 potions of flight {unknown}
 h - a potion of lignification
 j - a potion of cancellation
 m - a potion of resistance {unknown}
 q - a potion of brilliance {unknown}
 s - a potion of attraction {unknown}


   Skills:
 + Level 5.1 Fighting
 + Level 2.3 Short Blades
 + Level 2.3 Long Blades
 + Level 3.5 Axes
 + Level 2.3 Maces & Flails
 + Level 2.3 Polearms
 + Level 2.3 Staves
 + Level 2.3 Ranged Weapons
 + Level 2.3 Throwing
 + Level 2.3 Armour
 + Level 2.3 Dodging
 + Level 3.3 Stealth
 + Level 2.3 Shields
 + Level 2.3 Unarmed Combat
 + Level 5.5 Spellcasting
 + Level 1.9 Conjurations
 + Level 1.9 Hexes
 + Level 1.9 Summonings
 + Level 1.9 Necromancy
 + Level 1.9 Translocations
 + Level 1.9 Transmutations
 + Level 1.9 Fire Magic
 + Level 5.8 Ice Magic
 + Level 1.9 Air Magic
 + Level 1.9 Earth Magic
 + Level 1.9 Poison Magic
 + Level 2.5 Invocations
 + Level 3.5 Evocations


You had 14 spell levels left.
You knew the following spells:

 Your Spells              Type           Power      Damage    Failure   Level
a - Freeze                Ice            60%        1d7       2%          1
b - Ensorcelled Hibernat  Hex/Ice        22%        N/A       8%          2

Your spell library contained the following spells:

 Spells                   Type           Power      Damage    Failure   Level
 Apportation              Tloc           14%        N/A       12%         1
 Shock                    Conj/Air       28%        1d4       12%         1
 Swiftness                Air            7%         N/A       34%         3
 Volatile Blastmotes      Fire/Tloc      14%        2d11      34%         3
 Summon Ice Beast         Ice/Summ       11%        N/A       45%         4
 Airstrike                Air            3%         2d(1-17)  75%         4
 Fulminant Prism          Conj/Hex       3%         3d5       75%         4
 Iskenderun's Mystic Bla  Conj/Tloc      7%         2d4       75%         4
 Alistair's Intoxication  Tmut/Pois      4%         N/A       97%         5
 Lee's Rapid Deconstruct  Erth           3%         3d5*      97%         5
 Malign Gateway           Summ/Tloc      3%         N/A       100%        7
 Summon Horrible Things   Summ           3%         N/A       100%        8


Dungeon Overview and Level Annotations

Branches:
Dungeon (5/15)
 Temple: D:4-7

Altars:

Annotations:
D:4 1 runed translucent door, Crazy Yiuf
D:5 Ijyb, Pikel, Prince Ribbit


Innate Abilities, Weirdness & Mutations

You have very sharp teeth.
Your uncanny sense of smell can sniff out nearby items.
Your experience applies equally to all skills.


Message History

The orc is unaffected.
The grasping roots constrict you!
You escape the roots grasp.
The orc attacks as you move away! The orc hits you with a +0 club.
The orc attacks as you move away! The orc misses you.
Aiming: Charm
Press: ? - help, Shift-Dir - straight line, f/p - Ijyb
Aim: Ijyb, wielding a +0 club and wearing a +0 scale mail (almost dead, chance to affect: 67%)
The orc is charmed.
The lemure hits your orc.
Your orc closely misses something.
Your orc barely misses something.
Your orc misses something.
Your orc hits something but does no damage.
Your orc misses something.
Pikel zaps a wand.
The roots erupt in riotous growth!
The grasping roots grab you! The grasping roots constrict you.
You escape the roots grasp.
Your orc misses something.
Aiming: Charm
Press: ? - help, Shift-Dir - straight line, f - Pikel
Aim: Pikel, wielding a +1 whip of freezing, wearing a +0 robe and carrying a wand of roots (7) (chance to affect: 58%) Pikel resists with significant effort.
Ijyb screams, "I dance on your bones!"
Pikel says, "I knew I should've brought a map."
As you open the door, it creaks loudly!
You hear an angry hiss.
There is an open door here.
The water moccasin bites you!
You are poisoned.
The water moccasin poisons you!
You feel very sick.
You feel very sick.
You feel sick.
The water moccasin bites you but does no damage.
You feel sick.
You feel sick. The water moccasin bites you.
* * * LOW HITPOINT WARNING * * *
You are lethally poisoned!
The water moccasin poisons you!
* * * LOW HITPOINT WARNING * * *
You feel very sick.
You die...

######### #.......#
######### .
+.................# ..
#.......#.##....#.# ...
#.......#.##......###...
+.........##....# .....
#......@...+....# .#...
#.......####....#.#.....
........S.5.Ks..........
#############.###...#.#.
#......###'#######...
#......#.............
#......#..K..........
######......#...........##
#....#......###.#######.##


You could see a water moccasin.

Vanquished Creatures
  A centaur (D:5)
  A hound (D:5)
  2 jellies (D:3)
  An orc priest (D:3)
  A sleepcap (D:4)
  3 iguanas (D:4)
  3 gnolls (D:3)
  2 adders (D:3)
  A worm (D:5)
  2 dart slugs
  8 orcs
  A bat (D:3)
  10 endoplasms
  A giant cockroach (D:1)
  6 goblins
  8 hobgoblins
  12 kobolds
  2 quokkas
  2 ball pythons
  5 frilled lizards
  5 rats
77 creatures vanquished.

Vanquished Creatures (collateral kills)
  An orc wizard (D:4)
  A kobold (D:4)
2 creatures vanquished.

Vanquished Creatures (others)
  An orc (D:5)
1 creature vanquished.

Grand Total: 80 creatures vanquished

Notes
Turn   | Place    | Note
-------+----------+-------------------------------------------
     0 | D:1      | jtron the Gnoll Wanderer began the quest for the Orb.
     0 | D:1      | jtron set off with the following items: a +1 hand axe, a
                  | potion of might, a +0 leather armour; and the following
                  | spell memorised: Freeze; and the following spells available
                  | to memorise: Ensorcelled Hibernation, Summon Ice Beast.
     0 | D:1      | Reached XP level 1. HP: 20/20 MP: 6/6
   393 | D:1      | Reached XP level 2. HP: 25/26 MP: 5/7
  1095 | D:2      | Found a faded altar of an unknown god.
  1308 | D:2      | Reached skill level 5 in Spellcasting
  1308 | D:2      | Reached XP level 3. HP: 26/31 MP: 7/9
  1664 | D:3      | Reached skill level 1 in Invocations
  1822 | D:3      | Reached skill level 1 in Short Blades
  1822 | D:3      | Reached skill level 1 in Long Blades
  1822 | D:3      | Reached skill level 1 in Maces & Flails
  1822 | D:3      | Reached skill level 1 in Polearms
  1822 | D:3      | Reached skill level 1 in Staves
  1822 | D:3      | Reached skill level 1 in Ranged Weapons
  1822 | D:3      | Reached skill level 1 in Throwing
  1822 | D:3      | Reached skill level 1 in Armour
  1822 | D:3      | Reached skill level 1 in Dodging
  1822 | D:3      | Reached skill level 1 in Shields
  1822 | D:3      | Reached skill level 1 in Unarmed Combat
  2062 | D:3      | Reached XP level 4. HP: 5/38 MP: 6/11
  2394 | D:3      | Reached skill level 1 in Conjurations
  2394 | D:3      | Reached skill level 1 in Hexes
  2394 | D:3      | Reached skill level 1 in Summonings
  2394 | D:3      | Reached skill level 1 in Necromancy
  2394 | D:3      | Reached skill level 1 in Translocations
  2394 | D:3      | Reached skill level 1 in Transmutations
  2394 | D:3      | Reached skill level 1 in Fire Magic
  2394 | D:3      | Reached skill level 1 in Air Magic
  2394 | D:3      | Reached skill level 1 in Earth Magic
  2394 | D:3      | Reached skill level 1 in Poison Magic
  2603 | D:3      | Reached XP level 5. HP: 16/43 MP: 12/12
  3074 | D:4      | HP: 2/43 [iguana (7)]
  3076 | D:4      | Reached XP level 6. HP: 3/50 MP: 9/13
  3283 | D:4      | Found a runed translucent door.
  3284 | D:4      | Noticed Crazy Yiuf
  3451 | D:4      | Learned a level 2 spell: Ensorcelled Hibernation
  3487 | D:4      | Reached skill level 5 in Fighting
  4042 | D:5      | Entered Level 5 of the Dungeon
  4046 | D:5      | Noticed a water moccasin
  4146 | D:5      | Reached XP level 7. HP: 16/56 MP: 2/15
  4369 | D:5      | Noticed Prince Ribbit
  4492 | D:5      | Noticed Ijyb
  4559 | D:5      | Noticed Pikel
  4609 | D:5      | Succumbed to a water moccasin's poison

Illustrated notes

Levels and vault maps discovered:
D:1:      lemuel_arrival_room, layout_basic
D:2:      layout_loops_ring, shapermc_ecumenical_altar_totnotflames
D:3:      cheibrodos_fertilizer, layout_basic
D:4:      layout_rooms, uniq_crazy_yiuf_cottage
D:5:      layout_basic, uniq_ijyb, uniq_pikel, uniq_prince_ribbit1

Skill      XL: |  1  2  3  4  5  6 |
---------------+-------------------+-----
Spellcasting   | 5 |  5.5
Invocations    | 1 2 |  2.5
Short Blades   | 1 2 |  2.3
Long Blades    | 1 2 |  2.3
Maces & Flails | 1 2 |  2.3
Polearms       | 1 2 |  2.3
Staves         | 1 2 |  2.3
Ranged Weapons | 1 2 |  2.3
Throwing       | 1 2 |  2.3
Armour         | 1 2 |  2.3
Dodging        | 1 2 |  2.3
Shields        | 1 2 |  2.3
Unarmed Combat | 1 2 |  2.3
Conjurations   | 1 |  1.9
Hexes          | 1 |  1.9
Summonings     | 1 |  1.9
Necromancy     | 1 |  1.9
Translocations | 1 |  1.9
Transmutations | 1 |  1.9
Fire Magic     | 1 |  1.9
Air Magic      | 1 |  1.9
Earth Magic    | 1 |  1.9
Poison Magic   | 1 |  1.9
Axes           | 3 |  3.5
Evocations     | 3 |  3.5
Stealth        | 3 |  3.3
Fighting       | 5 |  5.1
Ice Magic      | |  5.8

Action                     |  1- 3 |  4- 6 |  7- 9 || total
---------------------------+-------+-------+-------++-------
  Melee: Hand axe          |    59 |    98 |    16 ||   173
         Bite              |     7 |    14 |     1 ||    22
         Punch             |       |     2 |       ||     2
  Throw: Boomerang         |    28 |     5 |       ||    33
         Dart              |       |    18 |       ||    18
   Cast: Freeze            |    13 |    35 |     6 ||    54
         Ensorcelled Hiber |       |     9 |     7 ||    16
  Evoke: Wand              |       |     1 |     2 ||     3
    Use: Scroll            |     3 |     1 |       ||     4
         Potion            |       |     2 |       ||     2
   Stab: Sleeping          |     2 |     4 |     2 ||     8
 Armour: Leather armour    |    23 |    31 |     2 ||    56
         Skin              |       |       |     4 ||     4
  Dodge: Dodged            |    47 |    72 |    29 ||   148
